 Dungeon Crawl Stone Soup version 0.29-a0-364-g921d912d32 (webtiles) character file.

Game seed: 634669601933909458

72 Shayle the Sneak (level 4, -3/27 HPs)
             Began as a Tengu Brigand on May 1, 2022.
             Slain by Ijyb
             ... wielding a +2 dagger of venom
              (5 damage)
             ... on level 3 of the Dungeon.
             The game lasted 00:05:04 (1682 turns).

Shayle the Sneak (Tengu Brigand)                    Turns: 1682, Time: 00:05:05

Health: -3/27      AC:  5    Str: 17    XL:     4   Next: 26%
Magic:  7/7        EV: 12    Int: 14    God:
Gold:   75         SH:  0    Dex: 15    Spells: 5/5 levels left

rFire   . . .      SeeInvis .   p - +2 mace (vorpal)
rCold   . . .      Faith    .   (no shield)
rNeg    . . .      Spirit   .   b - +0 robe
rPois   .          Reflect  .   k - +1 hat
rElec   .          Harm     .   c - +0 cloak
rCorr   .          Rampage  .   j - +0 pair of gloves
Will    .....                   (boots unavailable)
Stlth   +++.......              (no amulet)
HPRegen 0.09/turn               g - +6 ring of strength
MPRegen 0.10/turn               (no ring)

@: lethally poisoned (-3 -> -31)
A: beak, talons 3
a: no special abilities


You were on level 3 of the Dungeon.
You visited 1 branch of the dungeon, and saw 3 of its levels.

You collected 75 gold pieces.

Inventory:

Hand Weapons
 a - a +2 dagger
 m - a +0 short sword of venom
 p - a +2 vorpal mace (weapon)
 u - a +1 whip of venom
Missiles
 d - 9 poisoned darts (quivered)
 e - 3 curare-tipped darts
Armour
 b - a +0 robe (worn)
 c - a +0 cloak (worn)
 j - a +0 pair of gloves (worn)
 k - a +1 hat (worn)
Jewellery
 g - a +6 ring of strength (left hand)
Scrolls
 i - 2 scrolls of identify {unknown}
 n - 2 scrolls of immolation {unknown}
 o - a scroll of holy word {unknown}
 r - a scroll of brand weapon {unknown}
 t - a scroll of torment {unknown}
Potions
 f - a potion of invisibility {unknown}
 h - a potion of attraction {unknown}
 l - a potion of ambrosia {unknown}
 q - a potion of resistance {unknown}
 s - a potion of curing {unknown}


   Skills:
 + Level 2.7 Fighting
 - Level 2.1 Short Blades
 - Level 2.0 Throwing
 + Level 2.3 Dodging
 + Level 4.5 Stealth
 + Level 1.4 Spellcasting


You had 5 spell levels left.
You didn't know any spells.
Your spell library contained the following spells:

 Spells                   Type           Power      Damage    Failure   Level
 Magic Dart               Conj           0%         1d3       26%         1
 Searing Ray              Conj           0%         2d4       36%         2
 Dazzling Flash           Conj/Hex       0%         N/A       58%         3
 Fulminant Prism          Conj/Hex       0%         3d6       94%         4
 Agony                    Necr           0%         N/A       100%        5
 Silence                  Hex/Air        0%         N/A       100%        5
 Dispersal                Tloc           0%         N/A       100%        6
 Disjunction              Tloc           0%         N/A       100%        8


Dungeon Overview and Level Annotations

Branches:
Dungeon (3/15)

Altars:

Annotations:
D:3 Ijyb


Innate Abilities, Weirdness & Mutations

You have a beak for a mouth.
You have claws for feet.


Message History

The bat hits you but does no damage. The bat hits you but does no damage.
The bat attacks as you move away! The bat barely misses you.
The bat hits you but does no damage. The bat misses you.
The bat hits you but does no damage.
You aren't carrying any items that you can evoke.
Unknown command.
You hit the bat.
You kill the bat!
The goblin hits you but does no damage.
You thump the goblin!
You kill the goblin!
Ijyb zaps a wand.
You resist with some effort. Ijyb barely misses you.
Things that are here:
a +0 dagger; a goblin corpse You sock Ijyb!
Your peck misses Ijyb.
Ijyb is heavily wounded.
Ijyb hits you but does no damage.
You are poisoned.
Ijyb closely misses you.
You hit Ijyb. Your peck misses Ijyb.
Ijyb is severely wounded.
You feel very sick. Ijyb hits you but does no damage.
You are more poisoned.
You closely miss Ijyb.
Ijyb is severely wounded.
You feel very sick.
Ijyb hits you with a +2 dagger of venom.
You are lethally poisoned!
Ijyb hits you but does no damage.
You are more poisoned.
You hit Ijyb but do no damage. You peck Ijyb.
Ijyb is severely wounded.
* * * LOW HITPOINT WARNING * * *
You feel extremely sick.
Ijyb hits you with a +2 dagger of venom.
You die...

####...# #......
######<..g. ##
#...##.... ...
##.#.##...###...
#..#..#......?..
#.###.##........
#g# #.g#........
#@# ##..........
#.# ###........
##.# #........ #..#
#........ #.##
#........ ##.#
#########
######..#####
##...........##
##.............####


You could see Ijyb.

Vanquished Creatures
  3 worms (D:2)
  3 dart slugs
  6 ball pythons
  2 endoplasms (D:2)
  3 giant cockroaches (D:2)
  5 hobgoblins
  4 kobolds
  6 quokkas
  7 bats
  4 frilled lizards
  5 goblins
  7 rats
55 creatures vanquished.

Notes
Turn   | Place    | Note
-------+----------+-------------------------------------------
     0 | D:1      | Shayle the Tengu Brigand began the quest for the Orb.
     0 | D:1      | Reached XP level 1. HP: 12/12 MP: 2/2
   123 | D:1      | Reached XP level 2. HP: 17/17 MP: 3/3
   222 | D:1      | Found a faded altar of an unknown god.
   537 | D:1      | Reached skill level 1 in Spellcasting
   537 | D:1      | Reached XP level 3. HP: 22/22 MP: 5/5
  1295 | D:2      | Reached XP level 4. HP: 27/27 MP: 6/6
  1657 | D:3      | Noticed Ijyb
  1682 | D:3      | Slain by Ijyb

Illustrated notes

Levels and vault maps discovered:
D:1:      onia_arrival_handbag, layout_rooms, ebering_ecumenical_altar_rust,
          kennysheep_minor_cross, feat_on_display
D:2:      layout_loops_ring
D:3:      layout_rooms, lemuel_coloured_pillars_altar, minmay_misc_feat_doors,
          minmay_lizard_king, uniq_ijyb

Skill      XL: |  1  2  3 |
---------------+----------+-----
Spellcasting   | 1 |  1.4
Dodging        | 2 |  2.3
Fighting       | |  2.7
Short Blades   | |  2.1
Throwing       | |  2.0
Stealth        | |  4.5

Action                   |  1- 3 |  4- 6 || total
-------------------------+-------+-------++-------
Melee: Dagger            |    47 |       ||    47
       Kick              |    12 |     4 ||    16
       Peck              |     7 |     3 ||    10
       Mace              |    36 |    23 ||    59
       Punch             |     1 |       ||     1
 Stab: Sleeping          |    14 |     1 ||    15
Armor: Robe              |    30 |    13 ||    43
Dodge: Dodged            |    51 |    26 ||    77

Table legend: (Time is in decaauts)
 A = Elapsed time spent in this place.
 B = Non-inter-level travel time spent in this place.
 C = Inter-level travel time spent in this place.
 D = Time resting spent in this place.
 E = Time spent auto-exploring this place.
 F = Levels seen in this place.
 G = Mean time per level.
                   A        B        C        D        E       F      G
               +--------+--------+--------+--------+--------+-----+--------+
         Total |   1699 |   1634 |     65 |      0 |   1134 |   3 |  566.3 |
       Dungeon |   1699 |   1634 |     65 |      0 |   1134 |   3 |  566.3 |
               +--------+--------+--------+--------+--------+-----+--------+

Top non-repeatable levels by time:
     D:2: 895 daAuts
     D:1: 725 daAuts
     D:3: 77 daAuts
